 Dungeon Crawl Stone Soup version 0.30-a0-802-gb92711bcdf (webtiles) character file.

Game seed: 13878430592885871804

54 KennySheep the Cudgeller (level 3, 0/33 HPs)
             Began as an Armataur Monk on Feb 24, 2023.
             Was a Plaything of Xom.
             Succumbed to an adder's poison
             ... on level 2 of the Dungeon.
             The game lasted 00:01:48 (988 turns).

KennySheep the Cudgeller (Armataur Monk)             Turns: 988, Time: 00:01:48

Health: 0/33       AC:  4    Str: 18    XL:     3   Next: 66%
Magic:  3/3        EV: 10    Int: 10    God:    Xom [..*...]
Gold:   79         SH:  0    Dex: 12    Spells: 2/2 levels left

rFire   . . .      SeeInvis .    a - +0 mace
rCold   . . .      Faith    .    (no shield)
rNeg    . . .      Spirit   .    b - +0 robe
rPois   .          Reflect  .    (no helmet)
rElec   .          Harm     .    (no cloak)
rCorr   .          Roll     +    (no gloves)
Will    .....                    (no barding)
Stlth   ++                       (no amulet)
HPRegen 0.25/turn                (no ring)
MPRegen 0.08/turn                (no ring)

@: lethally poisoned (0 -> -5)
A: large, rugged brown scales 3, deformed body, armoured tail, roll, long
tongue, awkward tongue
a: Renounce Religion


You were on level 2 of the Dungeon.
You worshipped Xom.
You were a toy of Xom.
You visited 1 branch of the dungeon, and saw 2 of its levels.

You collected 79 gold pieces.

Inventory:

Hand Weapons
 a - a +0 mace (weapon)
Armour
 b - a +0 robe (worn)
Scrolls
 f - a scroll of vulnerability {unknown}
 g - a scroll of fog {unknown}
 h - a scroll of identify {unknown}
Potions
 c - a potion of ambrosia
 d - a potion of might {unknown}
 e - a potion of flight {unknown}


   Skills:
 + Level 3.1 Fighting
 * Level 3.4 Maces & Flails
 + Level 1.6 Armour
 - Level 2.1 Dodging
 - Level 2.1 Stealth
 - Level 0.9 Invocations


You had 2 spell levels left.
You didn't know any spells.
Your spell library contained the following spells:

 Spells                   Type           Power      Damage    Failure   Level
 Stone Arrow              Conj/Erth      0%         3d7       75%         3
 Animate Armour           Summ/Erth      0%         N/A       98%         4
 Lehudib's Crystal Spear  Conj/Erth      0%         10d2      100%        8


Dungeon Overview and Level Annotations

Branches:
Dungeon (2/15)

Altars:
Xom


Innate Abilities, Weirdness & Mutations

You are completely covered in rugged brown scales. (AC +3, +7% HP)
Armour fits poorly on your strangely shaped body.
You have a long armoured tail.
You roll when moving toward enemies. (Rampage)
Your long tongue fully drains potion bottles. (2x potion effects)
Your tongue gives you trouble enunciating. (1.5x scroll delay)


Message History

The magic dart hits you!
A frilled lizard comes into view.
Natasha stares at you and mumbles some strange words.
The magic dart hits you!
The frilled lizard hisses angrily.
You hit Natasha but do no damage.
Natasha is moderately wounded.
Natasha casts a spell at you. The magic dart hits you.
You sock Natasha! You tail-slap Natasha.
You kill Natasha!
Natasha screams in fury as she dies!
Your Fighting skill increases to level 3!
You closely miss the adder. The adder bites you.
You are poisoned.
The adder poisons you! The adder closely misses you.
Okay, then.
You hit the adder.
The adder is heavily wounded.
You feel sick. The adder bites you.
* * * LOW HITPOINT WARNING * * *
You are lethally poisoned!
The adder poisons you!
You miss the adder.
The adder is heavily wounded.
* * * LOW HITPOINT WARNING * * *
You feel sick. The adder bites you.
* * * LOW HITPOINT WARNING * * *
The adder bites you but does no damage. The frilled lizard bites you.
* * * LOW HITPOINT WARNING * * *
You barely miss the adder.
The adder is heavily wounded.
* * * LOW HITPOINT WARNING * * *
You feel very sick. The adder barely misses you.
The frilled lizard barely misses you. The adder barely misses you.
You closely miss the adder.
The adder is heavily wounded.
You die...
Xom thinks this is hilarious!

####### ###.....
####.....# #........+
#........##.#.##
#.......@......#
#....#..lS.#####
#########....#.........
.............#......###
....######.###......#
.........#.# #.#....#
....####.#.# #.#......
....# #.#.# #.####.##
##.## #.#.#


You could see an adder and a frilled lizard.

Vanquished Creatures
  Natasha (D:2)
  A dart slug (D:1)
  5 bats (D:1)
  2 endoplasms (D:1)
  A goblin (D:1)
  6 hobgoblins
  3 kobolds (D:1)
  A quokka (D:1)
  A ball python (D:1)
  2 frilled lizards (D:1)
  2 rats
25 creatures vanquished.

Notes
Turn   | Place    | Note
-------+----------+-------------------------------------------
     0 | D:1      | KennySheep the Armataur Monk began the quest for the Orb.
     0 | D:1      | Reached XP level 1. HP: 19/19 MP: 1/1
   149 | D:1      | Reached XP level 2. HP: 21/26 MP: 2/2
   337 | D:1      | Reached skill level 1 in Armour
   453 | D:1      | Found a faded altar of an unknown god.
   460 | D:1      | Prayed at the altar of an unknown god.
   460 | D:1      | Became a worshipper of Xom of Chaos
   921 | D:2      | Reached XP level 3. HP: 32/32 MP: 3/3
   976 | D:2      | Noticed Natasha
   983 | D:2      | Killed Natasha
   987 | D:2      | HP: 1/33 [poisoned by an adder]
   988 | D:2      | Succumbed to an adder's poison

Illustrated notes

Levels and vault maps discovered:
D:1:      reono_arrival_mine, layout_basic, dilly_ecumenical_altar_fadedgnrine,
          st_stairs_6, kennysheep_small_spiral, minmay_misc_feat_plants
D:2:      layout_basic, basic_altar, uniq_natasha, uniq_robin

Skill      XL: |  1  2  3 |
---------------+----------+-----
Maces & Flails | 3 |  3.4
Armour         | 1 |  1.6
Fighting       | 3 |  3.1
Dodging        | |  2.1
Stealth        | |  2.1
Invocations    | |  0.9

Action                     || total
---------------------------++-------
  Melee: Mace              ||    60
         Tailslap          ||    11
   Stab: Sleeping          ||     5
 Armour: Robe              ||    17
  Dodge: Dodged            ||    21

Table legend: (Time is in decaauts)
 A = Elapsed time spent in this place.
 B = Non-inter-level travel time spent in this place.
 C = Inter-level travel time spent in this place.
 D = Time resting spent in this place.
 E = Time spent auto-exploring this place.
 F = Levels seen in this place.
 G = Mean time per level.
                   A        B        C        D        E       F      G
               +--------+--------+--------+--------+--------+-----+--------+
         Total |   1002 |    992 |     10 |      0 |    818 |   2 |  501.0 |
       Dungeon |   1002 |    992 |     10 |      0 |    818 |   2 |  501.0 |
               +--------+--------+--------+--------+--------+-----+--------+

Top non-repeatable levels by time:
     D:1: 921 daAuts
     D:2: 81 daAuts
